 Dungeon Crawl Stone Soup version 0.16.1-51-g6203257 (webtiles) character file.

245 rutigerpupkin the Firebug (level 6, -1/32 HPs)
             Began as a Gargoyle Fire Elementalist on July 31, 2015.
             Slain by Pikel
             ... wielding a +0 whip of flaming
              (4 damage)
             ... on level 3 of the Dungeon.
             The game lasted 00:26:33 (4034 turns).

rutigerpupkin the Firebug (GrFE)                    Turns: 4034, Time: 00:26:33

Health: -1/32      AC:  6    Str: 12    XL:     6   Next: 10%
Magic:  1/13       EV: 12    Int: 17    God:
Gold:   156        SH:  0    Dex: 10    Spells: 3 memorised, 4 levels left

rFire  . . .     SeeInvis .     q - +3 dagger
rCold  . . .     Clarity  .     a - +0 robe
rNeg   + . .     SustAb   .     (no shield)
rPois  ∞         Gourm    .     (no helmet)
rElec  +         Spirit   .     (no cloak)
rCorr  .         Warding  .     (no gloves)
rMut   .         Stasis   .     (no boots)
MR     .....                    (no amulet)
Stlth  ++........               (no ring)
                                (no ring)

@: very slightly contaminated, not resistant to hostile enchantments, unstealthy
A: negative energy resistance 1, electricity resistance, unbreathing,
petrification resistance, rot immunity, AC +4
a: no special abilities


You were on level 3 of the Dungeon.
You were hungry.

You visited 1 branch of the dungeon, and saw 4 of its levels.

You collected 156 gold pieces.

Inventory:

Hand weapons
 e - a +0 mace
 q - a +3 dagger (weapon)
Armour
 a - a +0 robe (worn)
 n - a +0 pair of gloves
Scrolls
 d - 2 scrolls of identify {unknown}
 g - 5 scrolls of remove curse {unknown}
 h - 4 scrolls of random uselessness
 j - 2 scrolls of blinking {unknown}
 m - a scroll of teleportation {unknown}
Potions
 i - a potion of cure mutation {unknown}
 k - a potion of flight {unknown}
 l - 4 potions of curing {unknown}
 o - a potion of haste {unknown}
Books
 b - a book of Flames

   Spells                             Type                      Level
   a - Flame Tongue                   Conjuration/Fire             1
   b - Throw Flame                    Conjuration/Fire             2
   c - Conjure Flame                  Conjuration/Fire             3
   d - Inner Flame                    Hexes/Fire                   3
   e - Sticky Flame                   Conjuration/Fire             4
   f - Fireball                       Conjuration/Fire             5
Comestibles
 c - 2 bread rations
 f - a meat ration
 p - a chunk of flesh


   Skills:
 - Level 1.5 Dodging
 - Level 2.1 Stealth
 + Level 3.8 Spellcasting
 + Level 3.5 Conjurations
 * Level 4.4 Fire Magic


You had 4 spell levels left.
You knew the following spells:

 Your Spells              Type           Power        Failure   Level  Hunger
a - Flame Tongue          Conj/Fire      ###..        3%          1    None
b - Conjure Flame         Conj/Fire      ###.....     12%         3    ###....
g - Sticky Flame          Conj/Fire      ###.....     38%         4    ####...


Dungeon Overview and Level Annotations

Branches:
Dungeon (4/15)
 Temple: D:4-7

Altars:

Annotations:
D:3 Pikel, Sigmund


Innate Abilities, Weirdness & Mutations

You are resistant to torment.
You are immune to poison.
Your stone body is very resilient (AC +4).
You resist negative energy.
You are resistant to electric shocks.
You can survive without breathing.
You are immune to petrification.
You are immune to rotting.


Message History

Confirm with . or Enter, or press ? or * to list all spells.
Aiming: Sticky Flame
Press: ? - help, Shift-Dir - straight line, f/p - Pikel
Aim: Pikel, wielding a whip of flaming and wearing a robe (heavily wounded)
You miscast Sticky Flame.
Flames sear your flesh.
You are feeling hungry.
Pikel hits you with a whip of flaming. Pikel burns you.
Casting: Sticky Flame
Confirm with . or Enter, or press ? or * to list all spells.
You don't have enough magic to cast that spell.
Unknown command.
Pikel cracks his whip.
The crimson imp shouts!
Read which item? (? for menu, Esc to quit)
As you read the scroll labeled SIANIN KASAC, it crumbles to dust.
The scroll reassembles itself in your hands!
It is a scroll of random uselessness.
Pikel hits you with a whip of flaming!
* * * LOW HITPOINT WARNING * * *
Pikel burns you.
You die...

.# #.# .#
#.################
.###.##.....#... ...#
.......>###.#.#####.#####
.#.#..........#...).....#
.#.####.....#...5.#.###.#
...............<..#.###.#
...####.#########5#..##.#
#..............K@.##.##.#
#..........#########.##.#
##.........# #.##.#
#.........# #.##.#
##.###'#### #....# #.#
#.# ###### #.###.#
#..##.# ##5##.#


You could see Pikel and a crimson imp.

Vanquished Creatures
  A hound (D:4)
  A centaur skeleton (D:3)
  An iguana (D:3)
  3 adders
  A river rat (D:3)
  2 giant mites
  5 worms
  An adder skeleton (D:4)
  6 giant geckos
  4 orcs
  15 bats
  2 giant cockroaches (D:2)
  4 goblins
  9 hobgoblins
  5 jackals (D:1)
  A giant newt (D:2)
  5 kobolds
  2 quokkas
  12 rats
80 creatures vanquished.

Notes
Turn   | Place    | Note
--------------------------------------------------------------
     0 | D:1      | rutigerpupkin, the Gargoyle Fire Elementalist, began the quest for the Orb.
     0 | D:1      | Reached XP level 1. HP: 10/10 MP: 3/3
   254 | D:1      | Reached XP level 2. HP: 15/15 MP: 1/4
   618 | D:1      | Reached XP level 3. HP: 10/19 MP: 3/6
   623 | D:1      | Learned a level 3 spell: Conjure Flame
  1853 | D:2      | Reached XP level 4. HP: 24/24 MP: 6/8
  2181 | D:3      | Noticed Sigmund
  2538 | D:3      | Reached XP level 5. HP: 28/28 MP: 1/11
  2990 | D:3      | Reached skill level 4 in Fire Magic
  3347 | D:3      | Learned a level 4 spell: Sticky Flame
  3661 | D:4      | Reached XP level 6. HP: 26/32 MP: 2/13
  3971 | D:4      | Noticed a slave
  3972 | D:4      | Noticed a slave
  3972 | D:4      | Noticed Pikel
  3972 | D:4      | Noticed a slave
  3972 | D:4      | Noticed a slave
  4034 | D:3      | Slain by Pikel

Action                   |  1- 3 |  4- 6 || total
-------------------------+-------+-------++-------
Melee: Mace              |    35 |    23 ||    58
 Cast: Flame Tongue      |    60 |    78 ||   138
       Conjure Flame     |     1 |    11 ||    12
       Sticky Flame      |       |     2 ||     2
  Use: Scroll            |       |     1 ||     1
 Stab: Sleeping          |       |     1 ||     1
  Eat: Chunk             |     4 |     8 ||    12
